 Dungeon Crawl Stone Soup version 0.27-a0-869-g165b36e3f0 (webtiles) character file.

Game seed: 1967234818208973353

3755 polve the Fiendish (level 10, 0/88 HPs)
             Began as a Ghoul Monk on Apr 2, 2021.
             Was a Priest of Makhleb.
             Slain by an orc
             ... wielding a +0 whip
              (1 damage)
             ... on level 9 of the Dungeon.
             The game lasted 00:09:33 (9845 turns).

polve the Fiendish (Ghoul Monk)                     Turns: 9845, Time: 00:09:34

Health: 0/88       AC: 15    Str: 25    XL:     10   Next: 15%
Magic:  15/15      EV: 10    Int:  5    God:    Makhleb [***...]
Gold:   468        SH:  0    Dex: 11    Spells: 9/9 levels left

rFire    . . .     SeeInvis .     - Unarmed
rCold    + . .     Faith    .   (no shield)
rNeg     + + +     Spirit   .   t - +0 chain mail
rPois    ∞         Reflect  .   p - +0 helmet
rElec    .         Harm     .   (no cloak)
rCorr    .         Rampage  .   (no gloves)
Will     .....                  o - +0 pair of boots
Stlth    ..........             v - amulet of magic regeneration
HPRegen  0.00/turn              w - +6 ring of strength
MPRegen  0.39/turn              x - +4 ring of protection

@: no status effects
A: claws 1, cold resistance 1, negative energy resistance 3, inhibited
regeneration, torment resistance 2, unbreathing 1
a: Renounce Religion, Minor Destruction, Lesser Servant of Makhleb


You were on level 9 of the Dungeon.
You worshipped Makhleb.
Makhleb was most pleased with you.
You visited 2 branches of the dungeon, and saw 10 of its levels.

You collected 468 gold pieces.

Inventory:

Missiles
 b - 7 curare-tipped darts
Armour
 o - a +0 pair of boots (worn)
 p - a +0 helmet (worn)
 t - a +0 chain mail (worn)
Jewellery
 k - a ring of resist corrosion
 v - an amulet of magic regeneration (around neck)
 w - a +6 ring of strength (left claw)
 x - a +4 ring of protection (right claw)
Wands
 s - a wand of polymorph (4)
 z - a wand of paralysis (10)
 A - a wand of iceblast (13)
Scrolls
 a - 4 scrolls of teleportation {unknown}
 c - a scroll of fear {unknown}
 d - 9 scrolls of identify {unknown}
 i - 4 scrolls of immolation {unknown}
 l - 2 scrolls of enchant weapon {unknown}
 m - 3 scrolls of magic mapping {unknown}
 q - 2 scrolls of fog {unknown}
 y - a scroll of enchant armour {unknown}
 C - a scroll of holy word {unknown}
 D - a scroll of blinking {unknown}
 H - a scroll of silence {unknown}
Potions
 e - 3 potions of berserk rage
 f - a potion of lignification {unknown}
 g - 3 potions of haste {unknown}
 h - 6 potions of curing {unknown}
 j - a potion of attraction {unknown}
 n - a potion of invisibility {unknown}
 r - a potion of ambrosia {unknown}
 u - a potion of cancellation {unknown}
 B - 2 potions of resistance
 E - a potion of flight {unknown}
 F - a potion of degeneration {unknown}
 G - a potion of heal wounds {unknown}


   Skills:
 - Level 8.1 Fighting
 - Level 3.9 Armour
 - Level 4.9 Dodging
 - Level 2.1 Stealth
 - Level 8.2 Unarmed Combat
 + Level 9.1 Invocations


You had 9 spell levels left.
You didn't know any spells.
Your spell library contained the following spells:

 Spells                   Type           Power      Damage    Failure   Level
 Animate Skeleton         Necr           0%         N/A       98%         1
 Apportation              Tloc           0%         N/A       98%         1
 Corona                   Hex            0%         N/A       98%         1
 Sting                    Tmut/Pois      0%         1d3       98%         1
 Summon Small Mammal      Summ           0%         N/A       98%         1
 Poisonous Vapours        Pois/Air       0%         N/A       99%         2
 Ignite Poison            Fire/Tmut/Pois 0%         N/A       100%        3
 Mephitic Cloud           Conj/Pois/Air  0%         N/A       100%        3
 Olgreb's Toxic Radiance  Pois           0%         N/A       100%        4


Dungeon Overview and Level Annotations

Branches:
Dungeon (9/15)             Temple (1/1) D:6
   Lair: D:8-11         Orc: D:9-12

Altars:
Ashenzari
Cheibriados
Dithmenos
Elyvilon
Fedhas
Gozag
Hepliaklqana
Kikubaaqudgha
Makhleb
Qazlal
Ru
Sif Muna
Trog
Wu Jian
Xom
Yredelemnul
Zin
The Shining One


Innate Abilities, Weirdness & Mutations

You thrive by killing the living.
You are immune to poison.
You have sharp fingernails.
Your flesh is cold resistant. (rC+)
You are immune to negative energy. (rN+++)
You do not regenerate when monsters are visible.
You are immune to unholy pain and torment.
You can survive without breathing.


Message History

The orc barely misses you. The orc hits you with a +0 whip.
The orc barely misses you.
The orc priest calls down the wrath of Beogh upon you.
Beogh smites you!
* * * LOW HITPOINT WARNING * * *
Items here: )) [[ ††.
You scratch the orc priest.
The orc priest is moderately wounded.
The orc misses you. The orc barely misses you.
You scratch the orc priest.
The orc priest is severely wounded.
The orc priest hits you but does no damage.
The orc hits you but does no damage. x2; The orc closely misses you.
You scratch the orc priest but do no damage.
The orc priest is severely wounded.
The orc priest hits you but does no damage.
The orc misses you. The orc hits you with a +0 hand axe.
* * * LOW HITPOINT WARNING * * *
You scratch the orc priest.
The orc priest is severely wounded.
The orc hits you with a +0 whip.
* * * LOW HITPOINT WARNING * * *
The orc priest calls down the wrath of Beogh upon you.
Beogh smites you!
* * * LOW HITPOINT WARNING * * *
The orc barely misses you. x2
Your chain mail prevents you from hitting the orc priest.
The orc priest is severely wounded.
The orc hits you with a +0 whip.
* * * LOW HITPOINT WARNING * * *
The orc priest hits you but does no damage.
The orc barely misses you. The orc hits you but does no damage.
It was a potion of berserk rage.
You feel slightly irritated.
The orc hits you but does no damage. x2; The orc priest misses you.
The orc hits you but does no damage.
You scratch the orc priest but do no damage.
You claw the orc priest, but do no damage.
The orc priest is severely wounded.
The orc hits you with a +0 whip.
You die...

###### ####### #....#
#...ooo #....#
#..oooo####### #....#
#..Oooo@o....#
#....#####..oooo#.....#
#....#...#..oooo#.....#
#....#...#...ooo#.....#
#....#...#......#.....#
#....#...########.....##.
.........................
.....#........##......##.
>.....................#


You could see an ogre, an orc priest and 21 orcs.

Vanquished Creatures
  Grinder (D:4)
  A hornet (D:9)
  Prince Ribbit (D:8)
  A steam dragon (D:5)
  A water moccasin (D:7)
  A hornet zombie (D:8)
  A sky beast (D:8)
  A necrophage (D:6)
  2 orc warriors
  An ice beast (D:5)
  5 ogres
  A centaur (D:6)
  2 kobold brigands
  A gnoll sergeant (D:8)
  3 bullfrogs
  2 scorpions (D:6)
  8 wights
  3 howler monkeys (D:8)
  3 hounds
  2 orc priests
  2 centaur skeletons
  6 iguanas
  5 orc wizards
  A killer bee zombie (D:8)
  An ogre zombie (D:6)
  A hound skeleton (D:5)
  2 howler monkey zombies (D:8)
  Robin (D:3)
  6 gnolls
  A howler monkey skeleton (D:7)
  7 adders
  A gnoll zombie (D:6)
  An orc zombie (D:6)
  2 shadow imps
  2 ufetubi
  2 adder skeletons (D:4)
  4 worms
  14 dart slugs
  20 orcs
  7 bats
  7 endoplasms
  3 giant cockroaches
  16 goblins
  9 hobgoblins
  8 jackals
  2 quokkas
  9 ball pythons
  4 frilled lizards (D:2)
  18 kobolds
  4 rats
207 creatures vanquished.

Notes
Turn   | Place    | Note
-------+----------+-------------------------------------------
     0 | D:1      | polve the Ghoul Monk began the quest for the Orb.
     0 | D:1      | Reached XP level 1. HP: 19/19 MP: 0/0
   179 | D:1      | Reached XP level 2. HP: 24/26 MP: 1/1
   646 | D:1      | Reached XP level 3. HP: 30/33 MP: 2/2
   995 | D:2      | Found a faded altar of an unknown god.
  1009 | D:2      | Reached XP level 4. HP: 33/41 MP: 3/3
  1643 | D:3      | Noticed Robin
  1668 | D:3      | Killed Robin
  1669 | D:3      | Reached XP level 5. HP: 31/47 MP: 4/4
  1920 | D:3      | Reached skill level 5 in Fighting
  1920 | D:3      | Reached skill level 5 in Unarmed Combat
  2313 | D:3      | Found a stormy altar of Qazlal.
  2592 | D:3      | Reached XP level 6. HP: 56/56 MP: 5/5
  3016 | D:4      | Noticed Grinder
  3041 | D:4      | Paralysed by Grinder for 4 turns
  3049 | D:4      | Killed Grinder
  3050 | D:4      | Reached XP level 7. HP: 40/64 MP: 6/6
  3167 | D:4      | Found a broken altar of Ashenzari.
  4325 | D:5      | Entered Level 5 of the Dungeon
  4435 | D:5      | Noticed a steam dragon
  4453 | D:5      | Killed a steam dragon
  4454 | D:5      | Reached XP level 8. HP: 7/73 MP: 7/7
  5858 | D:6      | Reached skill level 1 in Armour
  6043 | D:6      | Found a transporter.
  6421 | D:6      | Reached XP level 9. HP: 67/81 MP: 8/8
  6672 | D:6      | Found a staircase to the Ecumenical Temple.
  6705 | D:6      | Found a transporter.
  6740 | Temple   | Entered the Ecumenical Temple
  7062 | Temple   | Became a worshipper of Makhleb the Destroyer
  7062 | Temple   | Reached * piety under Makhleb
  7062 | Temple   | Reached ** piety under Makhleb
  7128 | D:6      | Reached skill level 1 in Invocations
  7193 | D:6      | Found an ancient bone altar of Kikubaaqudgha.
  7324 | D:6      | Identified the +10 falchion "Spiderbane" {holy, *Drain
                  | rF++}
  7545 | D:6      | Reached skill level 2 in Invocations
  7861 | D:7      | Reached skill level 3 in Invocations
  7903 | D:7      | Reached skill level 4 in Invocations
  8186 | D:7      | Reached skill level 5 in Invocations
  8700 | D:8      | Noticed Prince Ribbit
  8717 | D:8      | Killed Prince Ribbit
  8718 | D:8      | Reached skill level 6 in Invocations
  9083 | D:8      | Reached skill level 7 in Invocations
  9130 | D:8      | Reached *** piety under Makhleb
  9288 | D:8      | Reached skill level 8 in Invocations
  9288 | D:8      | Reached XP level 10. HP: 88/88 MP: 13/15
  9619 | D:8      | Found a hazy altar of Hepliaklqana.
  9775 | D:9      | Reached skill level 9 in Invocations
  9842 | D:9      | HP: 3/88 [orc priest/divine providence (12)]
  9843 | D:9      | HP: 1/88 [orc/+0 whip (2)]
  9845 | D:9      | Slain by an orc

Illustrated notes

Levels and vault maps discovered:
D:1:      wander_arrival_fairy_ring, layout_loops_ring
D:2:      layout_rooms, basic_ecumenical_altar, minmay_cut_off
D:3:      layout_basic, nicolae_qazlal_general_emergency, uniq_robin
D:4:      kennysheep_slugbush, layout_gridville, ashenzari_conservatory_becter,
          uniq_grinder
D:5:      layout_loops_ring
D:6:      gammafunk_cloud_chamber, layout_basic, lemuel_tele_altar,
          minmay_temple_entry_large_hall
D:7:      layout_basic, grunt_decor_mini_mirrors, grunt_ministairs_11
D:8:      layout_cave_pools, nzn_hepliaklqana_mist_gate, st_stairs_7,
          minmay_misc_feat_rugged, uniq_prince_ribbit1
D:9:      layout_basic, special_room [special_room_orc],
          kennysheep_cross_bottleneck
Temple:   dpeg_chambers_temple

Skill      XL: |  1  2  3  4  5  6  7  8  9 10 |
---------------+-------------------------------+-----
Unarmed Combat | 4 5 6 7 8 |  8.2
Fighting       | 4 5 6 7 8 |  8.1
Armour         | 3 |  3.9
Dodging        | 4 |  4.9
Invocations    | 8 9 |  9.1
Stealth        | |  2.1

Action                   |  1- 3 |  4- 6 |  7- 9 | 10-12 || total
-------------------------+-------+-------+-------+-------++-------
Melee: Unarmed           |   104 |   209 |   426 |    56 ||   795
       Punch             |     1 |     2 |     9 |     4 ||    16
Invok: Minor Destruction |       |       |     6 |     5 ||    11
  Use: Potion            |       |       |       |     1 ||     1
 Stab: Distracted        |       |     1 |       |       ||     1
       Sleeping          |       |     1 |     1 |       ||     2
Armor: Ring mail         |    41 |    65 |    44 |       ||   150
       Chain mail        |       |       |   189 |    29 ||   218
Dodge: Dodged            |    60 |   146 |   210 |    29 ||   445

Table legend: (Time is in decaauts)
 A = Elapsed time spent in this place.
 B = Non-inter-level travel time spent in this place.
 C = Inter-level travel time spent in this place.
 D = Time resting spent in this place.
 E = Time spent auto-exploring this place.
 F = Levels seen in this place.
 G = Mean time per level.
                   A        B        C        D        E       F      G
               +--------+--------+--------+--------+--------+-----+--------+
         Total |   9762 |   9443 |    319 |      0 |   8014 |  10 |  976.2 |
       Dungeon |   9427 |   9149 |    278 |      0 |   7720 |   9 | 1047.4 |
        Temple |    335 |    295 |     40 |      0 |    294 |   1 |  335.0 |
               +--------+--------+--------+--------+--------+-----+--------+

Top non-repeatable levels by time:
     D:4: 1492 daAuts
     D:6: 1459 daAuts
     D:5: 1438 daAuts
     D:3: 1252 daAuts
     D:7: 1043 daAuts
     D:8: 925 daAuts
     D:2: 888 daAuts
     D:1: 730 daAuts
  Temple: 335 daAuts
     D:9: 196 daAuts
